 Dungeon Crawl Stone Soup version 0.29.1-15-g9cfb28693d (webtiles) character file.

Game seed: 4648212195651921043

2167 Acheron the Chopper (level 9, -3/71 HPs)
             Began as a Hill Orc Ice Elementalist on Mar 3, 2023.
             Was a Believer of Beogh.
             Slain by a yak (8 damage)
             ... on level 8 of the Dungeon.
             The game lasted 00:54:42 (8870 turns).

Acheron the Chopper (Hill Orc Ice Elementalist)     Turns: 8870, Time: 00:54:43

Health: -3/71      AC: 11    Str: 11    XL:     9   Next: 32%
Magic:  9/14       EV: 12    Int: 17    God:    Beogh [**....]
Gold:   1210       SH:  0    Dex: 13    Spells: 7/15 levels left

rFire   . . .      SeeInvis .   m - +2 hand axe (elec)
rCold   . . .      Faith    .   (no shield)
rNeg    . . .      Spirit   .   j - +1 leather armour
rPois   .          Reflect  .   (no helmet)
rElec   .          Harm     .   r - +2 cloak
rCorr   .          Rampage  .   (no gloves)
Will    .....                   (no boots)
Stlth   ++........              (no amulet)
HPRegen 0.21/turn               x - +4 ring of protection
MPRegen 0.14/turn               (no ring)

@: freezing walls
A: no striking features
a: Renounce Religion, Smiting


You were on level 8 of the Dungeon.
You worshipped Beogh.
Beogh was pleased with you.
You visited 1 branch of the dungeon, and saw 9 of its levels.

You collected 1210 gold pieces.

Inventory:

Hand Weapons
 a - a +0 arbalest
 d - a +0 sling
 f - a +0 falchion of electrocution
 l - a +3 vorpal flail
 m - a +2 hand axe of electrocution (weapon)
 n - a +1 dagger of speed
 o - a +0 short sword of protection
Missiles
 v - 13 poisoned darts (quivered)
 w - 2 boomerangs
Armour
 j - a +1 leather armour (worn)
 r - a +2 cloak (worn)
Magical Staves
 u - a staff of death
Jewellery
 x - a +4 ring of protection (left hand)
Wands
 t - a wand of paralysis (5)
Scrolls
 q - 9 scrolls of teleportation
 s - a scroll of brand weapon
Potions
 b - a potion of magic
 c - a potion of mutation {unknown}
 e - 2 potions of ambrosia
 g - a potion of flight
 h - a potion of lignification
 i - 2 potions of cancellation
 k - 2 potions of haste
 p - 3 potions of curing
 z - a potion of degeneration {unknown}


   Skills:
 * Level 4.0 Fighting
 - Level 2.2(2.3) Short Blades
 + Level 0.8(1.7) Long Blades
 * Level 5.7 Axes
 + Level 0.3 Throwing
 + Level 3.9 Armour
 + Level 3.3 Dodging
 * Level 3.9 Stealth
 * Level 3.5 Spellcasting
 + Level 2.5 Necromancy
 * Level 5.1 Ice Magic
 * Level 4.1 Invocations
 * Level 1.6 Evocations


You had 7 spell levels left.
You knew the following spells:

 Your Spells              Type           Power      Damage    Failure   Level
a - Freeze                Ice            80%        1d9       2%          1
b - Frozen Ramparts       Ice            40%        1d7       8%          3
c - Ozocubu's Armour      Ice            20%        N/A       8%          3
d - Shock                 Conj/Air       8%         1d3       22%         1

Your spell library contained the following spells:

 Spells                   Type           Power      Damage    Failure   Level
 Poisonous Vapours        Pois/Air       4%         N/A       32%         2
 Swiftness                Air            2%         N/A       54%         3
 Hailstorm                Conj/Ice       11%        3d5       58%         4
 Ice Form                 Ice/Tmut       11%        N/A       58%         4
 Summon Ice Beast         Ice/Summ       11%        N/A       58%         4
 Corpse Rot               Necr/Pois/Air  5%         N/A       83%         4
 Metabolic Englaciation   Hex/Ice        5%         N/A       90%         5
 Airstrike                Air            1%         2d(1-17)  91%         4
 Fulminant Prism          Conj/Hex       1%         3d6       91%         4
 Iskenderun's Mystic Bla  Conj/Tloc      2%         2d3       91%         4
 Lee's Rapid Deconstruct  Erth           1%         3d5*      99%         5
 Simulacrum               Ice/Necr       8%         N/A       100%        6


Dungeon Overview and Level Annotations

Branches:
Dungeon (9/15)
 Temple: D:4-7         Lair: D:8-11         Orc: D:9-12

Altars:
Dithmenos
Gozag
Makhleb
Qazlal
Ru
Yredelemnul
Beogh

Annotations:
D:2 exclusion: downstairs
D:3 exclusion: downstairs
D:4 exclusion: 3 downstairs
D:5 exclusion: downstairs
D:6 3 runed translucent doors, vvl's ghost, novice DsEE


Message History

There is a stone staircase leading down here.
The yak attacks as you move away! The yak gores you!
Casting: Frozen Ramparts (dangerous; 8% risk of failure)
Confirm with . or Enter, or press ? or * to list all spells.
Casting: Frozen Ramparts (dangerous; 8% risk of failure)
Press: ? - help, Dir - look around, f - activate The walls around you are covered in ice.
The wall freezes the yak.
The yak barely misses you.
The wall freezes the yak but does no damage.
The wall freezes the yak.
The yak completely misses you.
You hit the yak but do no damage.
The yak is moderately wounded.
You hit the yak.
The wall freezes the yak.
The yak closely misses you.
The wall freezes the yak but does no damage.
The yak gores you but does no damage.
You hit the yak. Lightning courses through the yak!
The yak is severely wounded.
You hit the yak.
The wall freezes the yak.
The yak barely misses you.
The wall freezes the yak.
The yak gores you but does no damage.
The wall freezes the yak.
You closely miss the yak.
The yak is almost dead.
You hit the yak.
The wall freezes the yak.
The yak gores you!
* * * LOW HITPOINT WARNING * * *
The wall freezes the yak.
The yak barely misses you.
Unknown command.
You hit the yak. Lightning courses through the yak!!
You kill the yak!
Beogh accepts your kill.
You barely miss the yak.
The wall freezes the yak but does no damage.
The yak gores you!
* * * LOW HITPOINT WARNING * * *
The wall freezes the yak.
Your Fighting skill increases to level 4!
You closely miss the yak.
The yak is severely wounded.
You hit the yak.
The wall freezes the yak.
The yak closely misses you.
The wall freezes the yak.
The yak gores you!
You die...

#########
##.......#
#........#
#........#
#........###
######...........
.......Y###....#
##.....Y@...# ##.
#...........#...$.
..............#
.⌠..P...#<###.#
...P~P........#
...P~...#.....#
.#..P...#####.#
#+..... # ##...


You could see 2 yaks.

Vanquished Creatures
  Grinder (D:6)
  3 yaks
  A steam dragon (D:6)
  Duvessa (D:6)
  A black bear (D:6)
  An ice beast (D:7)
  A sky beast (D:6)
  A centaur (D:9)
  2 ogres
  2 phantoms (D:5)
  2 bullfrogs (D:7)
  Dowan (D:6)
  A jelly (D:7)
  An orc priest (D:4)
  2 hounds
  3 iron imps (D:3)
  3 orc wizards
  Terence (D:3)
  4 adders
  A river rat (D:3)
  3 shadow imps
  An ufetubus (D:6)
  A worm (D:3)
  A dart slug (D:1)
  15 orcs
  4 ball pythons
  6 bats
  6 endoplasms
  A giant cockroach (D:3)
  6 goblins
  4 hobgoblins
  9 jackals
  7 quokkas
  5 frilled lizards
  7 kobolds
  6 rats
115 creatures vanquished.

Notes
Turn   | Place    | Note
-------+----------+-------------------------------------------
     0 | D:1      | Acheron the Hill Orc Ice Elementalist began the quest for
                  | the Orb.
     0 | D:1      | Reached XP level 1. HP: 14/14 MP: 3/3
   291 | D:1      | Reached XP level 2. HP: 5/20 MP: 1/4
   292 | D:1      | HP: 1/30 [hobgoblin (4)]
  1708 | D:1      | Reached XP level 3. HP: 8/27 MP: 2/5
  1946 | D:1      | Found a faded altar of an unknown god.
  1971 | D:1      | Prayed at the altar of an unknown god.
  1971 | D:1      | Became a worshipper of Beogh the Brigand
  1971 | D:1      | Reached * piety under Beogh
  2722 | D:2      | Reached skill level 1 in Short Blades
  2722 | D:2      | Reached XP level 4. HP: 11/34 MP: 3/7
  3623 | D:3      | Found a burning altar of Makhleb.
  3800 | D:3      | Identified a scroll of acquirement
  3800 | D:3      | Acquired 901 gold pieces
  3866 | D:3      | Reached skill level 1 in Fighting
  3867 | D:3      | Found a sacrificial altar of Ru.
  4028 | D:3      | Learned a level 3 spell: Frozen Ramparts
  4209 | D:5      | Entered Level 5 of the Dungeon
  4313 | D:3      | Found a shadowy altar of Dithmenos.
  4721 | D:3      | Reached ** piety under Beogh
  5052 | D:3      | Noticed Terence
  5062 | D:3      | Killed Terence
  5063 | D:3      | Reached XP level 5. HP: 29/40 MP: 5/8
  5152 | D:3      | Learned a level 3 spell: Ozocubu's Armour
  5450 | D:4      | Noticed an ogre
  5477 | D:5      | Found an opulent altar of Gozag.
  5499 | D:5      | Reached skill level 1 in Invocations
  5651 | D:5      | Noticed a phantom
  5662 | D:5      | Killed a phantom
  5663 | D:5      | Reached skill level 1 in Armour
  5663 | D:5      | Reached XP level 6. HP: 47/48 MP: 9/9
  5769 | D:5      | Reached skill level 1 in Necromancy
  5793 | D:5      | Noticed a black bear
  5811 | D:5      | Reached XP level 7. HP: 53/55 MP: 10/10
  5844 | D:6      | Noticed a troll
  6775 | D:3      | Reached skill level 1 in Axes
  7539 | D:6      | Noticed Duvessa
  7539 | D:6      | Noticed Dowan
  7539 | D:6      | Noticed Grinder
  7552 | D:6      | Killed Duvessa
  7553 | D:6      | Reached XP level 8. HP: 54/62 MP: 8/12
  7557 | D:6      | Killed Dowan
  7572 | D:6      | Killed Grinder
  7772 | D:6      | Found a runed translucent gate.
  7773 | D:6      | Found a runed translucent gate.
  7773 | D:6      | Found a runed translucent gate.
  7773 | D:6      | Found an opulent altar of Gozag.
  7775 | D:6      | Noticed a yak
  7775 | D:6      | Noticed vvl's ghost (novice DsEE)
  8158 | D:7      | Found a stormy altar of Qazlal.
  8338 | D:7      | Found a basalt altar of Yredelemnul.
  8546 | D:6      | Learned a level 1 spell: Shock
  8572 | D:6      | Reached skill level 5 in Ice Magic
  8572 | D:6      | Reached XP level 9. HP: 17/71 MP: 13/13
  8854 | D:9      | Noticed a kobold demonologist
  8858 | D:9      | Reached skill level 5 in Axes
  8858 | D:9      | Reached skill level 1 in Evocations
  8862 | D:9      | Noticed an ice devil
  8870 | D:8      | Slain by a yak

Illustrated notes

Levels and vault maps discovered:
D:1:      dpeg_arrival_windows_large_door, layout_rooms,
          hellmonk_ecumenical_altar_dog_temple, grunt_decor_clamped,
          minmay_misc_feat_encased
D:2:      layout_basic, minmay_misc_feat_ornament, minmay_hexomino_u4
D:3:      layout_basic, pf_just_have_faith, mainiacjoe_overflow_paths,
          demons_altar, gup_sewer_entry_bubbles, uniq_terence
D:4:      layout_basic, minmay_unequal
D:5:      layout_rooms, lemuel_blue_sif_altar, grunt_gozag_statues
D:6:      layout_basic, minmay_temple_entry_slanted, ebering_ghost_gozag,
          uniq_duvessa, uniq_grinder
D:7:      layout_cave_pods, lemuel_crystal_altar, kennysheep_mini,
          serial_column_ruins, column_ruins_open_tiny, column_ruins_open_large,
          column_ruins_columns_corner
D:8:      layout_basic, tso_oasis_becter, erik_lair_dragon, grunt_livestock,
          uniq_amaemon
D:9:      layout_long_grid, enter_bailey_3

Skill      XL: |  1  2  3  4  5  6  7  8  9 |
---------------+----------------------------+-----
Ice Magic      | 4 5 |  5.1
Spellcasting   | 2 3 |  3.5
Short Blades   | 1 2 |  2.2
Stealth        | 2 3 |  3.9
Fighting       | 1 2 3 4 |  4.0
Dodging        | 2 3 |  3.3
Invocations    | 1 2 3 4 |  4.1
Armour         | 1 2 3 |  3.9
Necromancy     | 1 2 |  2.5
Axes           | 3 4 5 |  5.7
Evocations     | 1 |  1.6
Long Blades    | |  0.8
Throwing       | |  0.3

Action                   |  1- 3 |  4- 6 |  7- 9 || total
-------------------------+-------+-------+-------++-------
Melee: Dagger            |    62 |    27 |       ||    89
       Short sword       |    40 |   149 |       ||   189
       Punch             |     1 |     2 |     1 ||     4
       Falchion          |       |    29 |     6 ||    35
       Hand axe          |       |       |   148 ||   148
 Cast: Freeze            |    28 |    22 |     1 ||    51
       Frozen Ramparts   |       |     2 |    10 ||    12
Invok: Smiting           |       |       |     1 ||     1
Evoke: Wand              |       |       |     2 ||     2
  Use: Potion            |     1 |     3 |     1 ||     5
       Scroll            |     8 |     8 |     5 ||    21
 Stab: Sleeping          |     3 |     2 |     1 ||     6
       Paralysed         |       |       |     6 ||     6
Armor: Robe              |    23 |       |       ||    23
       Leather armour    |    10 |    75 |    70 ||   155
Dodge: Dodged            |    87 |   134 |   107 ||   328
